 Dungeon Crawl Stone Soup version 0.15-a0-145-ge9bf03d (webtiles) character file.

143 Grangar the Covered (level 4, -1/40 HPs)
             Began as a Minotaur Fighter on Apr 14, 2014.
             Killed from afar by Ijyb (12 damage)
             ... with a wand of flame
             ... on Level 2 of the Dungeon.
             The game lasted 00:03:02 (825 turns).

Grangar the Covered (Minotaur Fighter)               Turns: 825, Time: 00:03:03

HP  -1/40        AC  7     Str 20      XL: 4   Next: 26%
MP   2/2         EV  6     Int  5      God:
Gold 57          SH 19     Dex 11      Spells:  0 memorised,  3 levels left

rFire  . . .     SeeInvis .     a - +0 long sword
rCold  . . .     Clarity  .     b - +0 scale mail
rNeg   . . .     Conserve .     c - +0 shield
rPois  .         rCorr    .     (helmet restricted)
rElec  .         rRot     .     (no cloak)
SustAb . .       Spirit   .     (no gloves)
rMut   .         Warding  .     (no boots)
Saprov . . .     Stasis   .     (no amulet)
MR     .....                    (no ring)
                                (no ring)

@: not resistant to hostile enchantments, extremely unstealthy
A: retaliatory headbutt, horns 2
a: no special abilities


You were on level 2 of the Dungeon.
You were not hungry.

You visited 1 branch of the dungeon, and saw 2 of its levels.

You collected 57 gold pieces.

Inventory:

Hand weapons
 a - a +0,+0 long sword (weapon)
Armour
 b - a +0 scale mail (worn)
 c - a +0 shield (worn)
Magical devices
 s - a wand of confusion (14) {unknown}
Comestibles
 d - a bread ration
Scrolls
 h - a scroll of enchant weapon II {unknown}
 i - 3 scrolls of teleportation {unknown}
 j - a scroll of enchant weapon I {unknown}
 l - a scroll of remove curse {unknown}
 m - 3 scrolls of identify {unknown}
 n - a scroll of fear {unknown}
Jewellery
 g - a +2 ring of strength {unknown}
 q - an uncursed amulet of warding {unknown}
Potions
 e - a potion of might
 f - a potion of confusion {unknown}
 k - a potion of haste {unknown}
 o - a potion of curing {unknown}
 r - 2 potions of heal wounds {unknown}
Miscellaneous
 p - a plain deck of defence


   Skills:
 + Level 3.7 Fighting
 * Level 3.5 Long Blades
 * Level 4.8 Armour
 * Level 1.6 Dodging
 + Level 3.9 Shields


You had 3 spell levels left.
You didn't know any spells.

Dungeon Overview and Level Annotations

Branches:
Dungeon (2/15)

Altars:
Nemelex Xobeh

Annotations:
D:2 Ijyb


Innate Abilities, Weirdness & Mutations

You reflexively headbutt those who attack you in melee.
You have a pair of horns on your head.


Message History

The goblin closely misses you. You block the bat's attack.
The kobold hits you with a dagger.
Ijyb zaps a wand.
The puff of flame hits you! The goblin hits you with a club.
The goblin hits you but does no damage. The kobold hits you but does no damage.
You block the bat's attack.
You closely miss Ijyb.
Ijyb is heavily wounded.
The bat hits you. You block Ijyb's attack.
The goblin hits you but does no damage. The bat barely misses you.
The goblin hits you but does no damage. The kobold closely misses you.
You hit Ijyb but do no damage.
Ijyb is heavily wounded.
The bat barely misses you. You furiously retaliate!
You headbutt the bat.
You kill the bat!
Ijyb zaps a wand.
The puff of flame hits you!
* * * LOW HITPOINT WARNING * * *
The goblin hits you but does no damage. The goblin barely misses you.
The kobold hits you but does no damage.
Ijyb zaps a wand.
The puff of flame hits you!
You die...

.
......#.................
.....#.#................
#.................
########..^.......
#..............
#.#....####....
##########(#....# ....
#.8.8.8g8...#....# .##.
#......g@%......... ##.
#%......gK.......... +..
................... ##.
$..........##..... ....
................ #..
8.8.8.8....... ...
######..... ... ..... ..
# .


You could see Ijyb, 2 goblins and a kobold.

Vanquished Creatures
  A gnoll (D:1)
  4 adders (D:2)
  2 giant geckos (D:1)
  2 bats
  2 giant cockroaches (D:1)
  10 goblins
  7 hobgoblins
  2 jackals (D:1)
  A quokka (D:2)
  A giant newt (D:1)
  2 kobolds
  4 rats
38 creatures vanquished.

Notes
Turn   | Place    | Note
--------------------------------------------------------------
     0 | D:1      | Grangar, the Minotaur Fighter, began the quest for the Orb.
     0 | D:1      | Reached XP level 1. HP: 19/19 MP: 1/1
    99 | D:1      | Reached XP level 2. HP: 21/27 MP: 1/1
   151 | D:1      | Reached skill level 4 in Armour
   338 | D:1      | Reached XP level 3. HP: 25/33 MP: 2/2
   656 | D:2      | Found a sparkling altar of Nemelex Xobeh.
   774 | D:2      | Reached skill level 1 in Dodging
   779 | D:2      | Reached XP level 4. HP: 37/40 MP: 2/2
   815 | D:2      | Noticed Ijyb
   825 | D:2      | Killed from afar by Ijyb

Action                   |  1- 3 |  4- 6 || total
-------------------------+-------+-------++-------
Melee: Long sword        |    96 |    10 ||   106
